 Dungeon Crawl Stone Soup version 0.28-a0-48-gfd831c5874 (webtiles) character file.

Game seed: 14286556270648384674

79 lessens the Sneak (level 4, 0/25 HPs)
             Began as a Deep Elf Brigand on July 30, 2021.
             Slain by a gnoll (9 damage)
             ... on level 2 of the Dungeon.
             The game lasted 00:04:15 (3689 turns).

lessens the Sneak (Deep Elf Brigand)                Turns: 3689, Time: 00:04:15

Health: 0/25       AC:  3    Str:  9    XL:     4   Next: 16%
Magic:  6/6        EV: 12    Int: 16    God:
Gold:   143        SH:  0    Dex: 16    Spells: 3/3 levels left

rFire   . . .      SeeInvis .   a - +2 dagger
rCold   + . .      Faith    .   (no shield)
rNeg    . . .      Spirit   .   b - +0 robe
rPois   .          Reflect  .   (no helmet)
rElec   .          Harm     .   c - +0 cloak
rCorr   .          Rampage  .   (no gloves)
Will    .....                   (no boots)
Stlth   +++.......              (no amulet)
HPRegen 0.08/turn               l - ring of protection from cold
MPRegen 0.10/turn               (no ring)

@: no status effects
A: no striking features
a: no special abilities


You were on level 2 of the Dungeon.
You visited 1 branch of the dungeon, and saw 2 of its levels.

You collected 143 gold pieces.

Inventory:

Hand Weapons
 a - a +2 dagger (weapon)
Missiles
 d - a poisoned dart
 e - a curare-tipped dart (quivered)
 f - 77 stones
Armour
 b - a +0 robe (worn)
 c - a +0 cloak (worn)
Jewellery
 l - a ring of protection from cold (left hand)
Scrolls
 j - a scroll of vulnerability {unknown}
 m - a scroll of identify {unknown}
Potions
 g - 2 potions of heal wounds {unknown}
 h - a potion of lignification {unknown}
 i - a potion of attraction {unknown}
 k - a potion of curing {unknown}


   Skills:
 - Level 1.5 Fighting
 + Level 4.5 Short Blades
 - Level 2.0 Throwing
 - Level 1.2 Dodging
 - Level 4.8 Stealth


You had 3 spell levels left.
You didn't know any spells.
Your spell library was empty.

Dungeon Overview and Level Annotations

Branches:
Dungeon (2/15)

Altars:
Xom

Shops:
D:1 (


Message History

There is an open door here.
There is an open door here.
There is a stone staircase leading down here.
You start resting.
HP restored.
You climb downwards.
There is a stone staircase leading up here.
d - a poisoned dart A giant cockroach is nearby!
A giant cockroach is nearby!
A giant cockroach is nearby!
A giant cockroach is nearby!
A goblin comes into view. It is wielding a +0 dagger.
The gnoll shouts!
Found a trident.
Found a stone staircase leading down.
The giant cockroach completely misses you.
The goblin shouts!
You hit the giant cockroach.
The giant cockroach is heavily wounded.
The giant cockroach closely misses you.
You hit the giant cockroach but do no damage.
The giant cockroach is heavily wounded.
The giant cockroach barely misses you.
You hit the giant cockroach.
The giant cockroach is almost dead.
The giant cockroach bites you but does no damage.
The gnoll closely misses you.
You hit the giant cockroach.
You kill the giant cockroach!
The gnoll hits you with a +0 flail.
A goblin opens the door.
There is a shimmering altar of Xom here.
The gnoll hits you with a +0 flail! The gnoll hits you with a +0 flail.
You hit the gnoll.
The gnoll is moderately wounded.
You barely miss the gnoll.
The gnoll is moderately wounded.
The gnoll hits you with a +0 flail!
You die...

#...#..##....# ###...#.
###.#.###....######...#.
#...# #.........).....
##.## ##.########.....
#..# #.# #.###. ##.##
#.# #.# #. #.g# #.# #.#
#. ##g###.# #.# #.
#.@##'### #.# #.
######......# #.# #.
#...........# #.# #.
#.....#.....# #.# #†
#.....#.....# #.# #.
#.....##..########.# #<
#.....##)>......##.# #.
#.....+............# #.
#.....#########.#### #.


You could see a gnoll and a goblin.

Vanquished Creatures
  2 adders (D:2)
  2 gnolls
  4 bats
  An endoplasm (D:1)
  4 giant cockroaches
  A hobgoblin (D:2)
  4 jackals
  5 kobolds
  2 quokkas
  3 ball pythons
  2 frilled lizards
  5 goblins (D:2)
  4 rats
39 creatures vanquished.

Notes
Turn   | Place    | Note
-------+----------+-------------------------------------------
     0 | D:1      | lessens the Deep Elf Brigand began the quest for the Orb.
     0 | D:1      | Reached XP level 1. HP: 12/12 MP: 3/3
   470 | D:1      | Reached XP level 2. HP: 3/16 MP: 4/4
  1485 | D:1      | Found Tihia's Antique Weapon Emporium.
  1548 | D:1      | Found a faded altar of an unknown god.
  2396 | D:2      | Reached XP level 3. HP: 3/20 MP: 5/5
  2942 | D:2      | Found a shimmering altar of Xom.
  3191 | D:1      | Reached XP level 4. HP: 12/25 MP: 6/6
  3689 | D:2      | Slain by a gnoll

Illustrated notes

Levels and vault maps discovered:
D:1:      minmay_arrival_shattered_statue, layout_loops_corners,
          hellmonk_ecumenical_altar_inner_sanctum, serial_shops, shop_coins
D:2:      layout_basic, basic_altar, moated_statue, supply_closet_lemuel

Skill      XL: |  1  2  3 |
---------------+----------+-----
Short Blades   | 3 4 |  4.5
Fighting       | |  1.5
Throwing       | |  2.0
Dodging        | |  1.2
Stealth        | |  4.8

Action                   |  1- 3 |  4- 6 || total
-------------------------+-------+-------++-------
Melee: Dagger            |   152 |    10 ||   162
Throw: Dart              |    14 |       ||    14
 Stab: Sleeping          |     8 |       ||     8
Armor: Robe              |    36 |     1 ||    37
Dodge: Dodged            |    93 |     4 ||    97

Table legend: (Time is in decaauts)
 A = Elapsed time spent in this place.
 B = Non-inter-level travel time spent in this place.
 C = Inter-level travel time spent in this place.
 D = Time resting spent in this place.
 E = Time spent auto-exploring this place.
 F = Levels seen in this place.
 G = Mean time per level.
                   A        B        C        D        E       F      G
               +--------+--------+--------+--------+--------+-----+--------+
         Total |   3665 |   3572 |     93 |    493 |   2630 |   2 | 1832.5 |
       Dungeon |   3665 |   3572 |     93 |    493 |   2630 |   2 | 1832.5 |
               +--------+--------+--------+--------+--------+-----+--------+

Top non-repeatable levels by time:
     D:1: 2256 daAuts
     D:2: 1409 daAuts
